 Dungeon Crawl Stone Soup version 0.32-a0-391-gce5c0aab1b (webtiles) character file.

Game seed: 14239657457832008161

1342 PowderKeg the Carver (level 8, 0/61 HPs)
             Began as a Coglin Gladiator on Feb 19, 2024.
             Slain by a gnoll sergeant
             ... wielding a +7 vampiric spear
              (14 damage)
             ... on level 5 of the Dungeon.
             The game lasted 00:09:35 (3846 turns).

PowderKeg the Carver (Coglin Gladiator)             Turns: 3846, Time: 00:09:36

Health: 0/61       AC: 14    Str: 14    XL:     8   Next: 62%
Magic:  8/8        EV:  4    Int:  7    God:
Gold:   266        SH:  0    Dex: 19    Spells: 7/7 levels left

rFire   . . .        q - +2 spear (heavy) {Sextus}
rCold   . . .        a - +0 long sword {Nimrit}
rNeg    . . .        j - +0 plate armour
rPois   .            c - +0 helmet
rElec   .            s - +2 cloak
rCorr   .            (no gloves)
SInv    +            (no boots)
Will    .....        i - amulet of regeneration Stlth
                     m - ring of see invisible
HPRegen 1.10/turn    (no ring)
MPRegen 0.11/turn

%: no passive effects
@: revved, stiff-legged, very slow
A: off-hand wielding, slow wielding, warmup strikes, warmup strides
a: no special abilities


You were on level 5 of the Dungeon.
You visited 1 branch of the dungeon, and saw 5 of its levels.

You collected 346 gold pieces.
You spent 80 gold pieces at shops.

Inventory:

Hand Weapons
 a - a +0 long sword (worn) {Nimrit}
 p - a +0 scythe
 q - a +2 heavy spear (weapon) {Sextus}
 r - a +0 short sword {Ahmose}
Missiles
 d - 4 throwing nets (quivered)
 e - a javelin
Armour
 b - a +0 leather armour
 c - a +0 helmet (worn)
 h - a scarf of invisibility
 j - a +0 plate armour (worn)
 s - a +2 cloak (worn)
Jewellery
 i - an amulet of regeneration (around neck)
 m - a ring of see invisible (left grasper)
Wands
 n - a wand of paralysis (5)
 o - a wand of flame (4)
Scrolls
 g - a scroll of blinking {unknown}
 k - a scroll of fear
 t - 2 scrolls of vulnerability
 w - a scroll of teleportation
 y - a scroll of identify
Potions
 f - a potion of curing
 l - a potion of magic
 u - a potion of might {unknown}
 v - a potion of brilliance {unknown}
 x - a potion of enlightenment {unknown}


   Skills:
 + Level 4.6 Fighting
 - Level 9.8 Long Blades
 - Level 1.7 Throwing
 - Level 2.6 Dodging


You had 7 spell levels left.
You didn't know any spells.
Your spell library contained the following spells:

 Spells                   Type           Power      Damage    Failure   Level
 Apportation              Tloc           0%         N/A       100%        1
 Freeze                   Ice            0%         1d3       100%        1
 Necrotise                Necr           0%         1d4       100%        1
 Sting                    Conj/Alch      0%         1d3       100%        1
 Summon Small Mammal      Summ           0%         N/A       100%        1
 Frozen Ramparts          Ice            0%         1d1       100%        3
 Hailstorm                Conj/Ice       0%         3d5       100%        3
 Inner Flame              Hex/Fire       0%         N/A       100%        3
 Flame Wave               Conj/Fire      0%         2d4       100%        4
 Sticky Flame             Fire/Alch      0%         2d4       100%        4


Dungeon Overview and Level Annotations

Branches:
Dungeon (5/15)
 Temple: D:4-7

Altars:
Cheibriados

Shops:
D:2 !   D:5 =

Annotations:
D:5 1 runed translucent door, DeathSocks's ghost, novice CoGl


Innate Abilities, Weirdness & Mutations

You can wield a second weapon in your off-hand.
It takes a long time for you to wield or remove held weapons.
Your first few attacks do less damage.
Your first movements take longer.


Message History

You are too injured to fight recklessly!
You are too injured to fight recklessly!
You are too injured to fight recklessly!
You are too injured to fight recklessly!
You are too injured to fight recklessly!
You are too injured to fight recklessly!
You are too injured to fight recklessly!
You are too injured to fight recklessly!
The gnoll sergeant hits you with a +7 vampiric spear! x2
* * * LOW HITPOINT WARNING * * *
You see here a +0 club.
You barely miss the gnoll sergeant with your +2 heavy spear.
The gnoll sergeant blocks your attack.
The gnoll sergeant hits you with a +7 vampiric spear.
* * * LOW HITPOINT WARNING * * *
The gnoll sergeant barely misses you.
You hit the gnoll sergeant with your +2 heavy spear.
The gnoll sergeant is lightly wounded.
You hit the gnoll sergeant but do no damage.
The gnoll sergeant hits you with a +7 vampiric spear.
* * * LOW HITPOINT WARNING * * *
The gnoll sergeant draws strength from your wounds!
You barely miss the gnoll sergeant with your +2 heavy spear.
The gnoll sergeant is lightly wounded.
You hit the gnoll sergeant but do no damage.
The gnoll sergeant barely misses you. The gnoll sergeant blocks your attack.
The gnoll sergeant is lightly wounded.
You hit the gnoll sergeant with your +2 heavy spear.
The gnoll sergeant hits you with a +7 vampiric spear!
* * * LOW HITPOINT WARNING * * *
You feel better.
The gnoll sergeant hits you with a +7 vampiric spear.
* * * LOW HITPOINT WARNING * * *
The gnoll sergeant draws strength from your wounds!
The gnoll sergeant blocks your attack.
The gnoll sergeant is lightly wounded.
You hit the gnoll sergeant but do no damage.
The gnoll sergeant hits you with a +7 vampiric spear!
You die...

######.#...##
####......#.....
#..'......#.#..)
#.##.....##.#.).
#########.#.............
#.........#..[...##.#...
##.######.#......##.#.#.
#...)..#.#......##.#...
######@#.#.#######.#...
#g#.#.# #.#... #g#.#.#
#.#...
..#.#.#######.#...
###.#..)....#.....
#.#######+###...
###.####......#...
#.............#...
#.....<.......####


You could see a gnoll sergeant and a gnoll.

Vanquished Creatures
  Sigmund (D:3)
  Edmund (D:5)
  A black bear (D:4)
  An ice beast (D:5)
  2 ogres
  A gnoll sergeant (D:4)
  3 scorpions
  2 bombardier beetles
  A hound (D:5)
  An iguana (D:5)
  An orc wizard (D:3)
  Robin (D:3)
  6 gnolls
  7 adders
  10 orcs
  9 ball pythons
  8 bats
  5 endoplasms
  3 giant cockroaches
  18 goblins
  8 hobgoblins
  5 jackals (D:1)
  7 kobolds
  3 quokkas
  13 frilled lizards
  12 rats
130 creatures vanquished.

Notes
Turn   | Place    | Note
-------+----------+-------------------------------------------
     0 | D:1      | PowderKeg the Coglin Gladiator began the quest for the Orb.
     0 | D:1      | Reached XP level 1. HP: 16/16 MP: 1/1
    27 | D:1      | Reached XP level 2. HP: 7/22 MP: 2/2
   105 | D:1      | Reached skill level 4 in Long Blades
   114 | D:1      | Reached XP level 3. HP: 25/27 MP: 3/3
   393 | D:1      | Reached XP level 4. HP: 33/33 MP: 4/4
   459 | D:1      | Reached skill level 5 in Long Blades
   797 | D:2      | Found Ocrenk's Distillery.
   816 | D:2      | Reached XP level 5. HP: 35/38 MP: 5/5
   825 | D:2      | Bought a potion of heal wounds for 50 gold pieces
   825 | D:2      | Bought a potion of curing for 30 gold pieces
   996 | D:2      | Found a faded altar of an unknown god.
  1239 | D:3      | Reached skill level 6 in Long Blades
  1318 | D:3      | Noticed Robin
  1360 | D:3      | Killed Robin
  1445 | D:3      | Reached XP level 6. HP: 41/44 MP: 6/6
  1525 | D:3      | Reached skill level 7 in Long Blades
  1655 | D:3      | Found a snail-covered altar of Cheibriados.
  1757 | D:3      | Noticed Sigmund
  1769 | D:3      | Killed Sigmund
  1770 | D:3      | Reached skill level 8 in Long Blades
  1770 | D:3      | Reached XP level 7. HP: 41/50 MP: 7/7
  2704 | D:4      | Reached skill level 9 in Long Blades
  3162 | D:5      | Entered Level 5 of the Dungeon
  3168 | D:5      | Reached XP level 8. HP: 56/56 MP: 8/8
  3346 | D:5      | Found Xetica's Jewellery Emporium.
  3448 | D:5      | Found a runed translucent door.
  3448 | D:5      | Noticed DeathSocks's ghost (novice CoGl)
  3699 | D:5      | Noticed Edmund
  3712 | D:5      | Killed Edmund
  3846 | D:5      | Slain by a gnoll sergeant

Illustrated notes

Levels and vault maps discovered:
D:1:      dpeg_arrival_arbitrary_c, layout_basic, chequers_jeans,
          chequers_serial_rivers_small_a, minmay_rat_gold_closets
D:2:      layout_basic, serial_shops, shop,
          hellmonk_ecumenical_altar_arch_garden, st_stairs_2, minivault_24
D:3:      minmay_spotlight, layout_loops_ring, lemuel_tele_altar, uniq_robin,
          uniq_sigmund
D:4:      layout_loops_corners, lightli_minifort
D:5:      layout_basic, nicolae_ru_sacrificial_ziggurat, serial_shops,
          kennysheep_mini_moat, hellmonk_ghost_happy_afterlife, uniq_edmund

Skill      XL: |  1  2  3  4  5  6  7  8 |
---------------+-------------------------+-----
Long Blades    | 4 5 6 8 9 |  9.8
Fighting       | 4 |  4.6
Throwing       | |  1.7
Dodging        | |  2.6

Action                     |  1- 3 |  4- 6 |  7- 9 || total
---------------------------+-------+-------+-------++-------
  Melee: Long sword        |    69 |   220 |    96 ||   385
         Short sword       |       |       |    41 ||    41
         Spear             |       |       |    54 ||    54
    Use: Potion            |       |     2 |     4 ||     6
         Scroll            |       |       |     6 ||     6
   Stab: Sleeping          |     3 |     1 |       ||     4
 Armour: Leather armour    |    40 |   138 |    40 ||   218
         Plate armour      |       |       |    80 ||    80
  Dodge: Dodged            |    62 |   148 |    51 ||   261

Table legend: (Time is in decaauts)
 A = Elapsed time spent in this place.
 B = Non-inter-level travel time spent in this place.
 C = Inter-level travel time spent in this place.
 D = Time resting spent in this place.
 E = Time spent auto-exploring this place.
 F = Levels seen in this place.
 G = Mean time per level.
                   A        B        C        D        E       F      G
               +--------+--------+--------+--------+--------+-----+--------+
         Total |   4070 |   3707 |    363 |      0 |   2695 |   5 |  814.0 |
       Dungeon |   4070 |   3707 |    363 |      0 |   2695 |   5 |  814.0 |
               +--------+--------+--------+--------+--------+-----+--------+

Top non-repeatable levels by time:
     D:4: 1042 daAuts
     D:3: 875 daAuts
     D:1: 835 daAuts
     D:5: 720 daAuts
     D:2: 596 daAuts
